 Dungeon Crawl Stone Soup version 0.23-a0-329-g6f3f904 (webtiles) character file.

13117 iamserjio the Geomancer (level 11, -2/60 HPs)
             Began as a Deep Elf Earth Elementalist on Oct 16, 2018.
             Was an Elder of Vehumet.
             Shot with an arrow by a centaur (4 damage)
             ... on level 12 of the Dungeon.
             The game lasted 00:24:17 (10171 turns).

iamserjio the Geomancer (DEEE)                     Turns: 10171, Time: 00:24:18

Health: -2/60      AC:  3    Str:  5    XL:     11   Next: 71%
Magic:  14/28      EV: 19    Int: 24    God:    Vehumet [****..]
Gold:   416        SH:  0    Dex: 15    Spells: 13/33 levels left

rFire    . . .     SeeInvis +   y - +2 quarterstaff (chaos)
rCold    . . .     Gourm    .   (shield currently unavailable)
rNeg     . . .     Faith    .   H - +0 robe (curse)
rPois    +         Spirit   .   (no helmet)
rElec    .         Reflect  .   z - +0 cloak {rPois}
rCorr    .         Harm     .   (no gloves)
MR       +....                  (no boots)
Stlth    ++........             (no amulet)
HPRegen  0.20/turn              D - ring of see invisible
MPRegen  0.21/turn              O - ring of wizardry

@: no status effects
A: no striking features
a: Renounce Religion


You were on level 12 of the Dungeon.
You worshipped Vehumet.
Vehumet was greatly pleased with you.
You were not hungry.

You visited 1 branch of the dungeon, and saw 12 of its levels.

You collected 416 gold pieces.

Inventory:

Hand Weapons
 y - a +2 quarterstaff of chaos (weapon)
Missiles
 a - 339 arrows
 q - 178 stones (quivered)
Armour
 c - a +0 robe
 z - a +0 cloak of poison resistance (worn)
 H - a cursed +0 robe (worn)
Jewellery
 l - an uncursed amulet of regeneration
 A - an uncursed amulet of the acrobat
 D - a ring of see invisible (left hand)
 G - an uncursed amulet of faith
 O - a ring of wizardry (right hand)
Wands
 f - a wand of enslavement (8)
 r - a wand of scattershot (8)
 v - a wand of flame (33)
 I - a wand of iceblast (30)
Scrolls
 i - 6 scrolls of teleportation
 k - 2 scrolls of remove curse {@r2}
 m - 5 scrolls of magic mapping {unknown}
 o - 3 scrolls of amnesia
 p - 4 scrolls of blinking {unknown}
 t - 5 scrolls of enchant armour {unknown}
 u - 6 scrolls of immolation {unknown}
 C - a scroll of noise {unknown}
 K - 2 scrolls of enchant weapon {unknown}
 L - a scroll of fear {unknown}
 M - 3 scrolls of fog {unknown}
Potions
 b - a potion of berserk rage
 e - a potion of degeneration {unknown}
 g - a potion of haste
 h - a potion of cancellation {unknown}
 j - a potion of heal wounds {unknown}
 n - 7 potions of lignification
 s - 2 potions of ambrosia {unknown}
 w - a potion of mutation {unknown}
 x - 2 potions of curing {@q1}
 B - a potion of magic {unknown}
 E - a potion of brilliance {unknown}
 F - 2 potions of agility {unknown}
 J - a potion of resistance {unknown}
Comestibles
 d - 27 rations
 N - 4 chunks of flesh


   Skills:
 + Level 3.9 Fighting
 + Level 10.8 Dodging
 - Level 2.4 Stealth
 + Level 11.8 Spellcasting
 - Level 4.1 Conjurations
 - Level 1.2 Translocations
 - Level 1.1 Transmutations
 * Level 13.7 Earth Magic


You had 13 spell levels left.
You knew the following spells:

 Your Spells              Type           Power        Failure   Level  Hunger
a - Sandblast             Erth           ######       0%          1    None
b - Stone Arrow           Conj/Erth      ######       1%          3    None
c - Lee's Rapid Deconstr  Erth           ######....   1%          5    ###....
d - Conjure Flame         Conj/Fire      ###.....     1%          3    None
e - Passwall              Tmut/Erth      #####...     1%          2    None
f - Blink                 Tloc           N/A          1%          2    None
g - Sticky Flame          Conj/Fire      ###.....     2%          4    None

Your spell library contained the following spells:

 Spells                   Type           Power        Failure   Level  Hunger
 Bolt of Magma            Conj/Fire/Erth #####.....   1%          5    ###....
 Magic Dart               Conj           ####         1%          1    None
 Mephitic Cloud           Conj/Pois/Air  ###.....     1%          3    None
 Petrify                  Tmut/Erth      #####...     1%          4    None
 Call Imp                 Summ           ##......     2%          2    None
 Slow                     Hex            ##......     2%          2    None


Dungeon Overview and Level Annotations

Branches:
Dungeon (12/15)            Temple (0/1) D:5            Lair (0/6) D:10
    Orc: D:9-12

Altars:
Cheibriados
Dithmenos
Elyvilon
Gozag
Makhleb
Nemelex Xobeh
Ru
Sif Muna
Vehumet
Wu Jian
Xom
Zin
The Shining One

Annotations:
D:6 2 transporters, Ratty's ghost, novice MiMo
D:8 2 transporters, soark's ghost, novice DECj


Message History

The stone arrow misses the crimson imp.
The centaur shoots an arrow.
The arrow hits you!
The centaur shoots an arrow.
The arrow misses you.
The centaur shoots an arrow.
The arrow hits you!
The crimson imp grinds its teeth.
The crimson imp blinks!
The centaur wields a +0 shortbow.
The centaur shoots an arrow.
The arrow closely misses you.
Casting: Stone Arrow (safe; 1% risk of failure)
The centaur shoots an arrow.
The arrow hits you!
* * * LOW HITPOINT WARNING * * *
The centaur shoots an arrow.
The arrow completely misses you.
The centaur shoots an arrow.
The arrow barely misses you.
The crimson imp blinks!
You see here 2 arrows.
Okay, then.
Put on which piece of jewellery? (? for menu, Esc to quit)
You remove your amulet of regeneration.
The centaur shoots an arrow.
The arrow hits you!
* * * LOW HITPOINT WARNING * * *
The centaur shoots an arrow.
The arrow hits you.
You die...

###..#######...#.....
..............)..... ...
#..#####.....######
....#####..###.............
.#....................######
.....§.........>.......#
.....c............##...# ###
..........#.#..############..
.....cc)..)(@..##########...#
......c.....(.........##..###
..............#.#####...)...#
.........##..........##.###÷.
..#.....###.............# ###
........###...........###
##..###..........[...## ...
#..............## ##
#..>.....##<#...####


You could see 4 centaurs.

Vanquished Creatures
  2 two-headed ogres (D:8)
  A centaur warrior (D:11)
  Nergalle (D:11)
  Pikel (D:9)
  2 ugly things (D:12)
  A centaur zombie (D:10)
  A gargoyle (D:10)
  A troll (D:9)
  Grinder (D:3)
  3 hippogriffs
  Sigmund (D:3)
  A redback (shapeshifter) (D:11)
  2 wraiths
  4 hogs (D:7)
  A shadow (D:12)
  8 yaks
  A human (D:7)
  4 vampire mosquitoes (D:10)
  Menkaure (D:5)
  Duvessa (D:4)
  2 orc warriors
  2 ice beasts
  3 black bears
  3 sky beasts
  3 ogres
  An eye of draining (D:12)
  A phantom (D:9)
  2 necrophages
  7 centaurs
  A big kobold (D:12)
  A gnoll sergeant (D:9)
  2 wyvern zombies (D:11)
  Dowan (D:4)
  6 bullfrogs
  2 wyvern skeletons
  A scorpion (D:6)
  A howler monkey (D:12)
  5 crimson imps
  A quasit (D:10)
  7 hounds
  5 jellies
  4 orc priests
  3 orc wizards
  Crazy Yiuf (D:4)
  A bullfrog skeleton (D:8)
  An iron imp (D:5)
  Ijyb (D:3)
  Terence (D:3)
  8 iguanas
  Natasha (thrice) (D:3)
  5 worker ants
  A killer bee zombie (D:9)
  A worker ant zombie (D:8)
  11 gnolls
  12 adders
  3 shadow imps
  2 oozes
  2 adder skeletons
  An adder zombie (D:6)
  2 worms
  3 dart slugs
  A leopard gecko (D:6)
  13 orcs
  6 bats
  2 giant cockroaches
  8 goblins
  6 hobgoblins
  9 jackals
  4 quokkas
  4 ball pythons
  10 frilled lizards
  A jackal skeleton (D:5)
  A jackal zombie (D:5)
  13 kobolds
  5 rats
244 creatures vanquished.

Vanquished Creatures (others)
  A bullfrog (D:9)
  A worker ant (D:9)
2 creatures vanquished.

Grand Total: 246 creatures vanquished

Notes
Turn   | Place    | Note
-------+----------+-------------------------------------------
     0 | D:1      | iamserjio the Deep Elf Earth Elementalist began the quest
                  | for the Orb.
     0 | D:1      | Reached XP level 1. HP: 10/10 MP: 6/6
   116 | D:1      | Reached XP level 2. HP: 15/15 MP: 4/8
   341 | D:1      | Reached skill level 4 in Earth Magic
   373 | D:1      | Reached XP level 3. HP: 17/19 MP: 8/10
   586 | D:2      | Learned a level 3 spell: Stone Arrow
  1164 | D:2      | Found a deep blue altar of Sif Muna.
  1322 | D:2      | Reached XP level 4. HP: 24/24 MP: 2/11
  1614 | D:3      | Noticed Grinder
  1668 | D:3      | Killed Grinder
  1668 | D:3      | Reached skill level 5 in Earth Magic
  1668 | D:3      | Reached XP level 5. HP: 9/28 MP: 2/13
  1885 | D:3      | Noticed Ijyb
  1887 | D:3      | Killed Ijyb
  1887 | D:3      | Reached XP level 6. HP: 32/32 MP: 7/15
  1989 | D:3      | Noticed Natasha
  1992 | D:3      | Killed Natasha
  1992 | D:3      | Reached skill level 5 in Spellcasting
  2164 | D:3      | Noticed Terence
  2169 | D:3      | Killed Terence
  2185 | D:3      | Noticed Natasha
  2188 | D:3      | Killed Natasha
  2188 | D:3      | Reached skill level 6 in Earth Magic
  2246 | D:2      | Found a shadowy altar of Dithmenos.
  2333 | D:2      | Found a radiant altar of Vehumet.
  2341 | D:2      | Became a worshipper of Vehumet
  2389 | D:3      | Noticed Sigmund
  2393 | D:3      | Killed Sigmund
  2393 | D:3      | Reached XP level 7. HP: 36/36 MP: 10/17
  2617 | D:4      | Found a transporter.
  2723 | D:4      | Found an opulent altar of Gozag.
  2723 | D:4      | You fall through a shaft!
  2723 | D:5      | Entered Level 5 of the Dungeon
  2826 | D:5      | Reached skill level 5 in Dodging
  2948 | D:5      | Found a burning altar of Makhleb.
  2985 | D:5      | Found a staircase to the Ecumenical Temple.
  2991 | D:5      | Found a sacrificial altar of Ru.
  3039 | D:5      | Reached * piety under Vehumet
  3039 | D:5      | Offered knowledge of Freeze by Vehumet.
  3039 | D:5      | Reached skill level 7 in Earth Magic
  3077 | D:5      | Found a white marble altar of Elyvilon.
  3217 | D:5      | Reached XP level 8. HP: 41/41 MP: 15/19
  3556 | D:5      | Noticed Menkaure
  3567 | D:5      | Learned a level 5 spell: Lee's Rapid Deconstruction
  3570 | D:5      | Killed Menkaure
  3742 | D:4      | Found a transporter.
  3778 | D:4      | Reached skill level 8 in Earth Magic
  3798 | D:4      | Noticed Duvessa
  3798 | D:4      | Noticed Dowan
  3843 | D:4      | Killed Duvessa
  3859 | D:4      | Killed Dowan
  4007 | D:4      | Found a runed door.
  4085 | D:4      | Found a glowing golden altar of the Shining One.
  4196 | D:4      | Noticed Crazy Yiuf
  4199 | D:4      | Killed Crazy Yiuf
  4608 | D:3      | Noticed Natasha
  4612 | D:3      | Killed Natasha
  4879 | D:5      | Reached skill level 9 in Earth Magic
  4997 | D:6      | Reached XP level 9. HP: 45/45 MP: 6/22
  5268 | D:6      | Found a transporter.
  5268 | D:6      | Noticed Ratty's ghost (novice MiMo)
  5333 | D:6      | Found a transporter.
  5493 | D:6      | Found a shadowy altar of Dithmenos.
  5632 | D:7      | Found an ornate altar of the Wu Jian Council.
  5693 | D:7      | Found a glowing silver altar of Zin.
  5740 | D:7      | Reached ** piety under Vehumet
  5740 | D:7      | Offered knowledge of Searing Ray by Vehumet.
  5761 | D:7      | Found a sparkling altar of Nemelex Xobeh.
  6219 | D:7      | Reached skill level 10 in Earth Magic
  6526 | D:8      | Noticed a two-headed ogre
  6532 | D:8      | Killed a two-headed ogre
  6532 | D:8      | Reached skill level 11 in Earth Magic
  6532 | D:8      | Reached XP level 10. HP: 50/50 MP: 12/25
  6542 | D:8      | Noticed a two-headed ogre
  6549 | D:8      | Killed a two-headed ogre
  6569 | D:8      | Reached skill level 10 in Spellcasting
  6814 | D:8      | Found a shimmering altar of Xom.
  6814 | D:8      | Noticed an angel
  6816 | D:8      | Found a glowing silver altar of Zin.
  6826 | D:8      | Found a transporter.
  6828 | D:8      | Noticed a two-headed ogre
  6829 | D:8      | Noticed soark's ghost (novice DECj)
  6830 | D:8      | Found a transporter.
  6928 | D:8      | Found a snail-covered altar of Cheibriados.
  6935 | D:8      | Offered knowledge of Conjure Flame by Vehumet.
  7019 | D:8      | Learned a level 3 spell: Conjure Flame
  7022 | D:8      | Learned a level 2 spell: Passwall
  7051 | D:9      | Noticed Pikel
  7057 | D:9      | Killed Pikel
  7057 | D:9      | Reached skill level 1 in Fighting
  7057 | D:9      | Reached skill level 12 in Earth Magic
  7392 | D:9      | Reached *** piety under Vehumet
  7757 | D:10     | Entered Level 10 of the Dungeon
  7789 | D:10     | Offered knowledge of Sticky Flame by Vehumet.
  7871 | D:10     | Learned a level 2 spell: Blink
  7876 | D:10     | Learned a level 4 spell: Sticky Flame
  7946 | D:10     | Found a staircase to the Lair.
  7964 | D:10     | Noticed a gargoyle
  7969 | D:10     | Reached skill level 10 in Dodging
  7988 | D:10     | Killed a gargoyle
  7988 | D:10     | Reached XP level 11. HP: 26/58 MP: 2/27
  8013 | D:10     | Reached skill level 1 in Translocations
  8436 | D:11     | Noticed Nergalle
  8443 | D:11     | Killed Nergalle
  8626 | D:11     | Reached skill level 13 in Earth Magic
  8638 | D:11     | Reached **** piety under Vehumet
  8795 | D:11     | Noticed a centaur warrior
  8803 | D:11     | Killed a centaur warrior
  9605 | D:12     | Noticed a purple ugly thing
  9772 | D:12     | Noticed a green ugly thing
  9782 | D:12     | Killed a green ugly thing
  9787 | D:12     | Killed a purple ugly thing
  9787 | D:12     | Offered knowledge of Bolt of Magma by Vehumet.
 10171 | D:12     | HP: 2/60 [centaur/arrow (12)]
 10171 | D:12     | Shot with an arrow by a centaur

Vault maps used:
D:1:      lemuel_arrival_lava_pool
D:2:      nicolae_overflow_hidden_temple
D:3:      uniq_natasha, uniq_grinder, uniq_sigmund, uniq_terence, uniq_ijyb
D:4:      gammafunk_wand_slinger, tso_metal_star, lemuel_crystal_altar,
          first_ration, uniq_duvessa, uniq_crazy_yiuf_cottage
D:5:      lemuel_doored_altar, lemuel_round_altar, makhleb_grotto_becter,
          minmay_temple_entry_mist, skrybe_limestone_x, uniq_menkaure
D:6:      gammafunk_ghost_arena, nicolae_dithmenos_the_darkroom
D:7:      kennysheep_mini_moat, overflow_temple_1_default, basic_altar,
          grunt_livestock, minmay_misc_feat_roman
D:8:      grunt_temple_overflow_order_and_chaos_1, lemuel_crystal_altar,
          gammafunk_ghost_smash
D:9:      minmay_statues_item, uniq_pikel
D:10:     lair_entry_dummy
D:11:     uniq_nergalle
D:12:     erik_orc_1, minmay_rotating_lava

Skill      XL: |  1  2  3  4  5  6  7  8  9 10 11 |
---------------+----------------------------------+-----
Earth Magic    | 4 5 6 7 9 11 12 13 | 13.7
Dodging        | 3 4 5 7 8 10 | 10.8
Spellcasting   | 4 5 6 7 9 10 11 | 11.8
Conjurations   | 2 3 4 |  4.1
Fighting       | 2 3 |  3.9
Translocations | 1 |  1.2
Stealth        | |  2.4
Transmutations | |  1.1

Action                   |  1- 3 |  4- 6 |  7- 9 | 10-12 || total
-------------------------+-------+-------+-------+-------++-------
Melee: Unarmed           |    29 |     7 |       |       ||    36
       Quarterstaff      |       |       |     7 |    51 ||    58
 Cast: Sandblast         |    45 |     9 |    20 |    61 ||   135
       Stone Arrow       |    17 |    25 |   103 |    96 ||   241
       Lee's Rapid Decon |       |       |    13 |    36 ||    49
Evoke: Wand              |       |       |       |     6 ||     6
  Use: Scroll            |       |       |     8 |     2 ||    10
       Potion            |       |       |     1 |       ||     1
 Stab: Sleeping          |       |       |       |     2 ||     2
       Paralysed         |       |       |       |     2 ||     2
  Eat: Chunk             |     2 |     5 |    16 |    13 ||    36
       Ration            |       |       |       |     1 ||     1
Armor: Robe              |     5 |     1 |     1 |     5 ||    12
Dodge: Dodged            |    35 |     7 |    23 |   116 ||   181

Table legend:
 A = Non-vault XP
 B = Vault XP
 C = Vault XP percentage of total XP
 D = Non-vault monster count
 E = Vault monster count
 F = Vault count percentage of total count
                 A         B        C        D         E       F
            +---------+---------+-------+---------+---------+-------
      Total |   15119 |    3620 |  19.3 |     223 |      21 |   8.6
            +---------+---------+-------+---------+---------+-------
        D:1 |      46 |       0 |   0.0 |      27 |       0 |   0.0
        D:2 |      53 |       0 |   0.0 |      23 |       0 |   0.0
        D:3 |     214 |     601 |  73.7 |      13 |       5 |  27.8
        D:4 |     290 |     365 |  55.7 |      12 |       7 |  36.8
        D:5 |     915 |     212 |  18.8 |      13 |       2 |  13.3
        D:6 |     322 |       0 |   0.0 |      16 |       0 |   0.0
        D:7 |     937 |     983 |  51.2 |      12 |       5 |  29.4
        D:8 |    2504 |       0 |   0.0 |      19 |       0 |   0.0
        D:9 |    1180 |     663 |  36.0 |      22 |       1 |   4.3
       D:10 |    2753 |       0 |   0.0 |      18 |       0 |   0.0
       D:11 |    2739 |     796 |  22.5 |      25 |       1 |   3.8
       D:12 |    3166 |       0 |   0.0 |      23 |       0 |   0.0
            +---------+---------+-------+---------+---------+-------
